PA
CHICAGO TULA @ WALLA WALLA WALLEYE
07/12/2025
 
TOP OF THE 1ST
Chicago Tula batting - Pitching for Walla Walla Walleye : LHP Luis Domínguez
Pitching: LHP Luis Domínguez
Batting: RHB Jouo Hirschovits 0-0: Ball
1-0: Ground out 5-3 (Groundball, 56S)
Batting: RHB Héctor Rivera 0-0: Called Strike
0-1: Foul Ball, location: 2F
0-2: Foul Ball, location: 2F
0-2: Foul Ball, location: 2F
0-2: Foul Ball, location: 2F
0-2: Ball
1-2: Ball
2-2: Strikes out looking
Batting: RHB Jorge Alfiche 0-0: Ground out 6-3 (Groundball, 6)
Top of the 1st over - 0 run(s), 0 hit(s), 0 error(s), 0 left on base; Chicago 0 - Walla Walla 0
BOTTOM OF THE 1ST
Walla Walla Walleye batting - Pitching for Chicago Tula : LHP Maxime Janssens
Pitching: LHP Maxime Janssens
Batting: SHB David Martínez 0-0: Ball
1-0: Ball
2-0: Ball
3-0: Called Strike
3-1: Ground out 1-3 (Groundball, 13)
Batting: RHB Jerry Duke 0-0: Ball
1-0: DOUBLE (Line Drive, 7LM)
Batting: RHB Jing-sheng Joo 0-0: Ball
1-0: Ground out 4-3 (Groundball, 4)
Jerry Duke to third
Batting: RHB Joe Dundee 0-0: Ball
1-0: Reached on error, E7 (Flyball, 7)
Jerry Duke scores
Batting: LHB Gareth Monahan 0-0: Foul Ball, location: 2F
0-1: Ball
1-1: Fly out, F9 (Line Drive, 89M)
Bottom of the 1st over - 1 run(s), 1 hit(s), 1 error(s), 1 left on base; Chicago 0 - Walla Walla 1
TOP OF THE 2ND
Chicago Tula batting - Pitching for Walla Walla Walleye : LHP Luis Domínguez
Batting: RHB Paul Dawsey 0-0: Ball
1-0: Ball
2-0: DOUBLE (Line Drive, 8RXD)
Batting: RHB Christian Hoover 0-0: Foul Ball, location: 2F
0-1: Foul Ball, location: 2F
0-2: Ball
1-2: Strikes out looking
Batting: RHB Dave Yates 0-0: Fly out, F8 (Flyball, 8RM)
Batting: RHB Júlio Vargas 0-0: Ball
1-0: Called Strike
1-1: Foul Ball, location: 2F
1-2: Ball
2-2: Fly out, F9 (Flyball, 89M)
Top of the 2nd over - 0 run(s), 1 hit(s), 0 error(s), 1 left on base; Chicago 0 - Walla Walla 1
BOTTOM OF THE 2ND
Walla Walla Walleye batting - Pitching for Chicago Tula : LHP Maxime Janssens
Batting: RHB Tom Milligan 0-0: Called Strike
0-1: Foul Ball, location: 2F
0-2: Foul Ball, location: 2F
0-2: Foul Ball, location: 2F
0-2: Ball
1-2: Strikes out swinging
Batting: LHB Michael Malloy 0-0: Called Strike
0-1: Swinging Strike
0-2: Ball
1-2: Ball
2-2: Foul Ball, location: 2F
2-2: Ball
3-2: SINGLE (Line Drive, 78S)
Batting: RHB Kenneth Noid 0-0: Ball
1-0: Called Strike
1-1: Foul Ball, location: 2F
Pickoff Throw to First - Error! E1
Michael Malloy to second
1-2: Fly out, F8 (Line Drive, 8RD)
Runner from 2nd tags up, SAFE at 3rd, no throw
Batting: RHB Joaquín Villarreal 0-0: Called Strike
0-1: Fly out, F6 (Line Drive, 6)
Bottom of the 2nd over - 0 run(s), 1 hit(s), 1 error(s), 1 left on base; Chicago 0 - Walla Walla 1
TOP OF THE 3RD
Chicago Tula batting - Pitching for Walla Walla Walleye : LHP Luis Domínguez
Batting: LHB Dana Waldrip 0-0: Called Strike
0-1: Called Strike
0-2: Strikes out looking
Batting: RHB Marcus Larson 0-0: Ball
1-0: Called Strike
1-1: Called Strike
1-2: Strikes out looking
Batting: RHB Jouo Hirschovits 0-0: Called Strike
0-1: DOUBLE (Line Drive, 7LS)
Batting: RHB Héctor Rivera 0-0: Called Strike
0-1: Foul Ball, location: 2F
0-2: Strikes out swinging
Top of the 3rd over - 0 run(s), 1 hit(s), 0 error(s), 1 left on base; Chicago 0 - Walla Walla 1
BOTTOM OF THE 3RD
Walla Walla Walleye batting - Pitching for Chicago Tula : LHP Maxime Janssens
Batting: SHB David Martínez 0-0: Ball
1-0: Ground out 5-3 (Groundball, 56)
Batting: RHB Jerry Duke 0-0: Called Strike
0-1: Ball
1-1: Fly out, F6 (Popup, 6D)
Batting: RHB Jing-sheng Joo 0-0: Ball
1-0: Called Strike
1-1: Called Strike
1-2: Ball
2-2: Foul Ball, location: 2F
2-2: SINGLE (Line Drive, 78M)
Batting: RHB Joe Dundee 0-0: Ball
Jing-sheng Joo steals 2nd base
1-0: Ball
2-0: Ball
3-0: Swinging Strike
3-1: Base on Balls
Batting: LHB Gareth Monahan 0-0: Foul Ball, location: 2F
0-1: Ball
1-1: Fly out, F9 (Flyball, 9LM)
Bottom of the 3rd over - 0 run(s), 1 hit(s), 0 error(s), 2 left on base; Chicago 0 - Walla Walla 1
TOP OF THE 4TH
Chicago Tula batting - Pitching for Walla Walla Walleye : LHP Luis Domínguez
Batting: RHB Jorge Alfiche 0-0: Ball
1-0: Foul Ball, location: 2F
1-1: Foul Ball, location: 2F
1-2: Ball
2-2: Ball
3-2: Ground out 5-3 (Groundball, 56)
Batting: RHB Paul Dawsey 0-0: Foul Ball, location: 2F
0-1: Called Strike
0-2: Ball
1-2: Strikes out swinging
Batting: RHB Christian Hoover 0-0: Ball
1-0: DOUBLE (Flyball, 78M)
Batting: RHB Dave Yates 0-0: Called Strike
0-1: Ball
1-1: Called Strike
1-2: Foul Ball, location: 2F
1-2: Ball
2-2: Ball
3-2: Ground out 5-3 (Groundball, 56S)
Top of the 4th over - 0 run(s), 1 hit(s), 0 error(s), 1 left on base; Chicago 0 - Walla Walla 1
BOTTOM OF THE 4TH
Walla Walla Walleye batting - Pitching for Chicago Tula : LHP Maxime Janssens
Batting: RHB Tom Milligan 0-0: Called Strike
0-1: Foul Ball, location: 2F
0-2: Foul Ball, location: 2F
0-2: Foul Ball, location: 2F
0-2: Ground out 3-1 (Groundball, 34)
Batting: LHB Michael Malloy 0-0: Swinging Strike
0-1: Swinging Strike
0-2: Foul Ball, location: 2F
0-2: Strikes out swinging
Batting: RHB Kenneth Noid 0-0: Foul Ball, location: 2F
0-1: Ball
1-1: Foul Ball, location: 2F
1-2: Fly out, F7 (Flyball, 78S)
Bottom of the 4th over - 0 run(s), 0 hit(s), 0 error(s), 0 left on base; Chicago 0 - Walla Walla 1
TOP OF THE 5TH
Chicago Tula batting - Pitching for Walla Walla Walleye : LHP Luis Domínguez
Batting: RHB Júlio Vargas 0-0: Foul Ball, location: 2F
0-1: Ball
1-1: Ground out 5-3 (Groundball, 25)
Batting: LHB Dana Waldrip 0-0: Ground out 4-3 (Groundball, 4)
Batting: RHB Marcus Larson 0-0: Called Strike
0-1: Ball
1-1: Swinging Strike
1-2: Strikes out swinging
Top of the 5th over - 0 run(s), 0 hit(s), 0 error(s), 0 left on base; Chicago 0 - Walla Walla 1
BOTTOM OF THE 5TH
Walla Walla Walleye batting - Pitching for Chicago Tula : LHP Maxime Janssens
Batting: RHB Joaquín Villarreal 0-0: Foul Ball, location: 2F
0-1: Foul Ball, location: 2F
0-2: Ground out 1-3 (Groundball, 15)
Batting: SHB David Martínez 0-0: Called Strike
0-1: Ball
1-1: Ground out 1-3 (Groundball, 13)
Batting: RHB Jerry Duke 0-0: Called Strike
0-1: Ball
1-1: Ball
2-1: Foul Ball, location: 2F
2-2: Ground out 5-3 (Groundball, 56)
Bottom of the 5th over - 0 run(s), 0 hit(s), 0 error(s), 0 left on base; Chicago 0 - Walla Walla 1
TOP OF THE 6TH
Chicago Tula batting - Pitching for Walla Walla Walleye : LHP Luis Domínguez
Batting: RHB Jouo Hirschovits 0-0: Called Strike
0-1: Ball
1-1: DOUBLE (Line Drive, 78D)
Batting: RHB Héctor Rivera 0-0: Ball
1-0: Foul Ball, location: 2F
1-1: Called Strike
1-2: Ground out 5-3 (Groundball, 56)
Batting: RHB Jorge Alfiche 0-0: Called Strike
0-1: Ball
1-1: Foul Ball, location: 2F
1-2: Foul Ball, location: 2F
1-2: Ball
2-2: Foul Ball, location: 2F
2-2: Strikes out swinging
Batting: RHB Paul Dawsey 0-0: Called Strike
0-1: Swinging Strike
0-2: Foul Ball, location: 2F
0-2: Ball
1-2: Foul Ball, location: 2F
1-2: Strikes out swinging
Top of the 6th over - 0 run(s), 1 hit(s), 0 error(s), 1 left on base; Chicago 0 - Walla Walla 1
BOTTOM OF THE 6TH
Walla Walla Walleye batting - Pitching for Chicago Tula : LHP Maxime Janssens
Batting: RHB Jing-sheng Joo 0-0: Ground out 5-3 (Groundball, 56)
Batting: RHB Joe Dundee 0-0: Ball
1-0: Ball
2-0: SINGLE (Flyball, 6MD) - OUT at second base trying to stretch hit.
Batting: LHB Gareth Monahan 0-0: Fly out, F8 (Line Drive, 78M)
Bottom of the 6th over - 0 run(s), 1 hit(s), 0 error(s), 0 left on base; Chicago 0 - Walla Walla 1
TOP OF THE 7TH
Chicago Tula batting - Pitching for Walla Walla Walleye : LHP Luis Domínguez
Batting: RHB Christian Hoover 0-0: Foul Ball, location: 2F
0-1: Swinging Strike
0-2: Foul Ball, location: 2F
0-2: DOUBLE (Line Drive, 7)
Pinch Hitting: RHB Ricco Jovine 0-0: Ball
1-0: Foul Ball, location: 2F
1-1: Ground out 5-3 (Groundball, 56)
Pinch Hitting: RHB José Olvera 0-0: Foul Ball, location: 2F
0-1: Foul Ball, location: 2F
0-2: Ball
1-2: Strikes out swinging
Pinch Hitting: RHB Marcos Alfaro 0-0: Foul Ball, location: 2F
0-1: Called Strike
0-2: Strikes out swinging
Top of the 7th over - 0 run(s), 1 hit(s), 0 error(s), 1 left on base; Chicago 0 - Walla Walla 1
BOTTOM OF THE 7TH
Walla Walla Walleye batting - Pitching for Chicago Tula : LHP Maxime Janssens
Now at 2B: José Olvera
Now at SS: Marcos Alfaro
Now in CF: César Gonzáles
Batting: RHB Tom Milligan 0-0: Foul Ball, location: 2F
0-1: Ball
1-1: Ball
2-1: Called Strike
2-2: Fly out, F8 (Line Drive, 8LM)
Batting: LHB Michael Malloy 0-0: Fly out, F4 (Popup, 4D)
Batting: RHB Kenneth Noid 0-0: Ball
1-0: Fly out, F7 (Flyball, 7D)
Bottom of the 7th over - 0 run(s), 0 hit(s), 0 error(s), 0 left on base; Chicago 0 - Walla Walla 1
TOP OF THE 8TH
Chicago Tula batting - Pitching for Walla Walla Walleye : LHP Luis Domínguez
Now in RF: Carey Heidemann
Batting: RHB Marcus Larson 0-0: Ball
1-0: Called Strike
1-1: Called Strike
1-2: Strikes out swinging
Pitching: RHP Jim Unknown
Batting: RHB Jouo Hirschovits 0-0: Swinging Strike
0-1: Swinging Strike
0-2: Foul Ball, location: 2F
0-2: Ball
1-2: Foul Ball, location: 2F
1-2: Foul Ball, location: 2F
1-2: Ball
2-2: Strikes out swinging
Batting: RHB Héctor Rivera 0-0: Ball
1-0: Swinging Strike
1-1: Called Strike
1-2: Ball
2-2: Fly out, F9 (Flyball, 9LS)
Top of the 8th over - 0 run(s), 0 hit(s), 0 error(s), 0 left on base; Chicago 0 - Walla Walla 1
BOTTOM OF THE 8TH
Walla Walla Walleye batting - Pitching for Chicago Tula : LHP Maxime Janssens
Batting: RHB Joaquín Villarreal 0-0: Ball
1-0: Called Strike
1-1: Ground out 6-3 (Groundball, 6)
Batting: SHB David Martínez 0-0: Ball
1-0: Ground out 6-3 (Groundball, 56)
Batting: RHB Jerry Duke 0-0: Called Strike
0-1: Swinging Strike
0-2: Foul Ball, location: 2F
0-2: Ball
1-2: Ball
2-2: Ball
3-2: Ground out 5-3 (Groundball, 5S)
Bottom of the 8th over - 0 run(s), 0 hit(s), 0 error(s), 0 left on base; Chicago 0 - Walla Walla 1
TOP OF THE 9TH
Chicago Tula batting - Pitching for Walla Walla Walleye : RHP Jim Unknown
Batting: RHB Jorge Alfiche 0-0: Ground out 5-3 (Groundball, 56)
Batting: RHB Paul Dawsey 0-0: Foul Ball, location: 2F
0-1: Called Strike
0-2: Ball
1-2: Ball
2-2: Ball
3-2: Base on Balls
Pinch Hitting: LHB José Castillo 0-0: Foul Ball, location: 2F
0-1: Foul Ball, location: 2F
0-2: Strikes out looking
Batting: LHB César Gonzáles 0-0: Called Strike
0-1: Swinging Strike
0-2: Ball
1-2: Foul Ball, location: 2F
1-2: Strikes out swinging
Top of the 9th over - 0 run(s), 0 hit(s), 0 error(s), 1 left on base; Chicago 0 - Walla Walla 1
Friday, December 30th, 2016 - OOTP Baseball 17.12 Build 75